 Dungeon Crawl Stone Soup version 0.17-a0-367-g1dd37ad (webtiles) character file.

70527 Sixotanaka the Warrior (level 14, -17/76 HPs)
             Began as a Felid Transmuter on Mar 30, 2015.
             Was the Champion of Ru.
             Killed from afar by Nikola (27 damage)
             ... with a chain lightning
             ... on level 2 of the Swamp on Mar 31, 2015.
             The game lasted 02:32:24 (51568 turns).

Sixotanaka the Warrior (Felid Transmuter)          Turns: 51568, Time: 02:32:24

Health: -17/76     AC:  3    Str:  6    XL:     14   Next: 94%
Magic:  10/16      EV: 33    Int: 18    God:    Ru [******]
Gold:   1360       SH:  0    Dex: 20    Spells: 2 memorised, 8 levels left
                                        Lives:  0   Deaths: 3

rFire  . . .     SeeInvis +       - Unarmed
rCold  + . .     Clarity  .     (armour unavailable)
rNeg   . . .     SustAb   .     (shield unavailable)
rPois  .         Gourm    .     (helmet unavailable)
rElec  .         Spirit   .     (cloak unavailable)
rCorr  .         Warding  .     (gloves unavailable)
rMut   .         Stasis   .     (boots unavailable)
MR     +....                    (no amulet)
Stlth  +++++.....               A - ring of invisibility
                                (ring unavailable)

@: blade paw (expiring), no scrolls, very slightly contaminated, invisible,
quick, somewhat resistant to hostile enchantments, quite stealthy
A: no armour, no weapons or thrown items, claws 1, fangs 3, see invisible,
carnivore 3, clever 1, speed 1, low mp 1, shaggy fur 3, slow metabolism 1,
inability to read while threatened, missing a hand, hated by all, magic
vulnerability 1, (sharp paws)
a: End Transformation, Draw Out Power, Power Leap, Apocalypse, Renounce
Religion, Turn Visible


You were on level 2 of the Swamp.
You worshipped Ru.
Ru was exalted by your worship.
You were very full.
You had blades for front paw.
You visited 5 branches of the dungeon, and saw 30 of its levels.
You also visited: Ice Cave.

You collected 2950 gold pieces.
You spent 1590 gold pieces at shops.


Innate Abilities, Weirdness & Mutations

You cannot wear armour.
You are incapable of wielding weapons or throwing items.
You have sharp fingernails.
You have razor-sharp teeth.
You have supernaturally acute eyesight.
You are carnivorous and can eat meat at any time.
You cover ground quickly.
Your magical capacity is low (-10% MP).
Your thick and shaggy fur keeps you warm (AC +3, rC+).
You have a slow metabolism.
You cannot read scrolls while threatened.
You are missing a hand.
You are hated by all.
You are slightly vulnerable to magic.
((Your paws have sharp claws that are effective at stabbing.))
Your mind is acute. (Int +2)


   Skills:
 + Level 17.4 Fighting
 + Level 14.8 Dodging
 - Level 11.0 Stealth
 - Level 15.0 Unarmed Combat
 - Level 2.0 Spellcasting
 - Level 11.0 Transmutations
 - Level 5.6 Evocations


You had 8 spell levels left.
You knew the following spells:

 Your Spells              Type           Power        Failure   Level  Hunger
c - Ice Form              Ice/Trmt       ###.....     63%         4    #####..
z - Blade Hands           Trmt           #####.....   36%         5    ######.


Dungeon Overview and Level Annotations

Branches:
Dungeon (15/15)            Temple (1/1) D:6            Lair (8/8) D:9
  Swamp (2/5) Lair:4        Snake (0/5) Lair:4        Slime (0/6) Lair:6
    Orc (4/4) D:10            Elf (0/3) Orc:4        Vaults (0/5) D:13
 Depths (0/5) D:15

Altars:
Ashenzari
Cheibriados
Dithmenos
Elyvilon
Fedhas
Gozag
Kikubaaqudgha
Makhleb
Nemelex Xobeh
Okawaru
Qazlal
Ru
Sif Muna
Trog
Vehumet
Yredelemnul
Zin
The Shining One
Beogh
Jiyva

Shops:
D:4 *   D:6 *   D:8 =   D:12 *   Orc:1 (   Orc:3 [   Orc:4 *}:[

Annotations:
D:4 Pikel
D:6 1 exclusion
D:10 exclusion: 2 oklob saplings
Swamp:2 Nikola
Orc:1 1 runed door

Inventory:

Jewellery
 f - an uncursed ring of magical power
 y - an uncursed amulet of stasis
 z - an uncursed ring of protection from cold
 A - a ring of invisibility (right scythe-like blade)
 D - a +3 ring of protection
 H - an uncursed ring of poison resistance
Magical devices
 b - a wand of disintegration (7)
 i - a wand of lightning (5)
 k - a wand of heal wounds (7) {@v2}
 n - a wand of teleportation (7) {@v4}
 p - a wand of invisibility (4)
 E - a wand of digging (21)
 I - a wand of cold (3)
 O - a wand of hasting (6) {@v3}
 Q - a wand of fireball (11)
Scrolls
 d - 3 scrolls of fear
 e - 13 scrolls of remove curse {@r2}
 h - 4 scrolls of immolation {!r}
 o - 8 scrolls of teleportation {@r4}
 q - 2 scrolls of recharging
 r - 5 scrolls of blinking
 v - 5 scrolls of magic mapping
 C - 4 scrolls of fog
 L - 3 scrolls of identify {@r1}
 R - a scroll of holy word
Potions
 c - 13 potions of curing {@q1}
 g - 4 potions of might
 j - 2 potions of flight
 l - a potion of lignification {!q}
 m - 3 potions of haste {@q3}
 s - 4 potions of restore abilities
 t - 2 potions of heal wounds {@q2}
 u - 2 potions of invisibility
 w - 4 potions of brilliance
 x - 2 potions of ambrosia {!q}
 B - a potion of berserk rage
 G - a potion of magic
 J - a potion of agility
Books
 M - a book of Battle
 N - a book of Enchantments
Miscellaneous
 P - a phantom mirror
Comestibles
 a - 15 meat rations
 F - a beef jerky

≈≈§♣♣≈.♣♣.≈≈.≈≈♣♣..≈♣≈
..♣♣...♣≈.......≈≈≈.≈..
..♣♣....≈≈.≈≈.≈≈≈≈≈≈..≈♣
≈§.<†≈≈≈≈.♣...≈≈≈≈≈≈..♣♣
.≈..≈≈............≈≈≈..
...≈...♣...........≈≈
..♣......#.######.[♣
♣♣♣..(...#...#..#..♣ ♣
♣♣.≈...#.....@@..♣
♣§≈≈≈..#...#..#..♣
♣♣.....##.###.#..♣
♣♣....#.......).♣
♣.≈..#..#...#..♣
♣♣....####'##÷..♣
♣♣.♣≈♣..........♣♣
♣..≈≈.≈........♣♣
♣♣.♣.....≈≈≈.≈≈♣♣


You could see Nikola.


Message History

The spiny frog stings you!
You are poisoned.
The spiny frog poisons you!
You focus your will and blind the spiny frog in retribution!
You slice the spiny frog!!
You feel sick.
You feel sick. The spiny frog misses you.
The spiny frog croaks.
You slice the spiny frog!!
You bite the spiny frog, but do no damage.
You feel sick. The spiny frog completely misses you.
You slash the spiny frog! The spiny frog misses you.
You slash the spiny frog! You bite the spiny frog.
You feel sick. The spiny frog completely misses you.
You completely miss the spiny frog.
The spiny frog is no longer blind.
The spiny frog barely misses you.
You slice the spiny frog!!
You kill the spiny frog!
You feel sick.
You feel sick. The spiny frog completely misses you.
You hit the spiny frog. You slash the spiny frog!
You kill the spiny frog!
You feel sick.
No target in view!
You start resting.
Eating one of 2 chunks of flesh.
This raw flesh tastes great.
You continue eating.
Your transformation is almost over.
You feel sick.
You continue eating.
You start resting.
You feel sick.
You feel sick. x2
Your front paw reverts to its normal proportions.
You start resting.
You feel sick.
You feel sick. x3
You are no longer poisoned.
You start resting.
All of the chunks of flesh in your inventory have rotted away.
You open the door.
Found a hand axe.
There is an open door here.
Nikola the Mad Inventor comes into view.
He is wielding a rapier of electrocution.
Found a dazzling scale mail.
You fade into invisibility!
You are very lightly contaminated with residual magic.
You feel quite a bit less full.
Your front paw turns into a razor-sharp scythe blade.
Nikola shouts!
Nikola casts a spell at you. The bolt of lightning hits you!
You focus your will and illuminate Nikola in retribution!
You slash Nikola! Nikola closely misses you.
You slice Nikola!! You slice Nikola!!
Nikola mumbles some strange words.
Nikola blinks!
Nikola hits you but does no damage.
You hit Nikola. You hit Nikola.
Your transformation is almost over.
Nikola completely misses you.
You slice Nikola!!
You redirect Nikola's attack!
Nikola mumbles some strange words.
You hear a mighty clap of thunder!
The lightning arc hits you!
You feel threatened and lose the ability to read scrolls!
* * * LOW HITPOINT WARNING * * *
The lightning arc hits Nikola.
The lightning arc hits you!
You die...

Action                   |  1- 3 |  4- 6 |  7- 9 | 10-12 | 13-15 || total
-------------------------+-------+-------+-------+-------+-------++-------
Melee: Unarmed           |   118 |   267 |   301 |   634 |  1951 ||  3271
 Cast: Beastly Appendage |    25 |    59 |    51 |    30 |       ||   165
       Blade Hands       |       |       |       |    58 |   175 ||   233
       Ice Form          |       |       |       |     2 |     8 ||    10
Invok: Sacrifice Essence |       |       |     1 |       |     1 ||     2
       Reject Sacrifices |       |       |       |     2 |       ||     2
       Sacrifice a Hand  |       |       |       |     1 |       ||     1
       Sacrifice Words   |       |       |       |     1 |       ||     1
       Apocalypse        |       |       |       |       |     2 ||     2
       Sacrifice Love    |       |       |       |       |     1 ||     1
 Abil: Evoke Invisibilit |       |     1 |    15 |    28 |    73 ||   117
       End Transformatio |       |       |       |       |     2 ||     2
Evoke: Wand              |       |       |       |     3 |     9 ||    12
  Use: Scroll            |       |     5 |    10 |    17 |     9 ||    41
       Potion            |       |       |       |       |     7 ||     7
 Stab: Sleeping          |     2 |     5 |    17 |    45 |    90 ||   159
       Invisible         |       |     4 |    22 |    46 |   216 ||   288
       Distracted        |       |       |       |     6 |    13 ||    19
       Paralysed         |       |       |       |       |    18 ||    18
       Petrified         |       |       |       |       |     1 ||     1
  Eat: Chunk             |    10 |    17 |    21 |    54 |   175 ||   277
       Pizza             |       |       |       |     1 |       ||     1
       Beef jerky        |       |       |       |     1 |       ||     1
       Royal jelly       |       |       |       |     1 |       ||     1

Vault maps used:
D:1:      mrwooster_arrival_arrow, serial_forest, infiniplex_forest_lined_room_,
          infiniplex_forest_clump_small, infiniplex_forest_straight_2,
          infiniplex_forest_clump_diagonal, infiniplex_forest_lined_4_way,
          infiniplex_forest_clump_tiny
D:2:      grunt_ministairs_6, kennysheep_pointless_box, hex_intersection,
          minmay_misc_feat_chi, minmay_joined_circles
D:3:      first_bread, uniq_iyjb
D:4:      zin_purify, serial_glass, glass_columns_b, glass_columns_a,
          glass_columns_a, glass_columns_a, glass_columns_c, glass_columns_a,
          solitary_fountain, nicolae_dithmenos_shadow_blocks, uniq_pikel
D:5:      xom_confusion_cloud, uniq_grinder, uniq_eustachio
D:6:      pf_overflow_fires_of_destruction, lemuel_zombie_altar_yredelemnul,
          temple_hall, serial_co_window_serial, co_window_paths_b,
          co_window_paths_a, co_window_corner_a, co_window_paths_a,
          co_window_paths_b, co_window_broadway_c, co_window_corner_cb,
          co_window_broadway_b, glass_columns_c, glass_columns_a,
          glass_columns_a, glass_columns_b,
          lightli_ossuary_entry_decrepit_ruins, nicolae_alphabet_shops,
          kennysheep_cross_bottleneck
D:8:      serial_shops, shop
D:9:      nicolae_overflow_hidden_temple, david_lair_shrubbed, serial_park,
          serial_park_tiny_pond, serial_park_square3, jmf_multi_god_temple
D:10:     orc_0_dummy, hangedman_tree_tricks, hangedman_decor_clover_reticule
D:11:     okawaru_ov_weapons_minmay, uniq_maurice
D:12:     nicolae_blasting_shop
D:13:     erik_vaults_1, minmay_statues_item
D:14:     hex_medium, uniq_josephine
D:15:     gammafunk_enter_depths_forms, minmay_misc_feat_tower
Temple:   circular_temple_12
Lair:1:   hibernation_bobbens
Lair:2:   st_stairs_8, beast_lair_carwin_8, uniq_erica
Lair:3:   nicolae_lair_grove_arrangements
Lair:4:   swamp_mist_pool, guppyfry_snake_entry_garden, st_stairs_11
Lair:5:   spider_nest_entry_a, portal_ice_cave_entry_ice_beasts,
          zaba_antful_of_joy, grunt_megastairs_1
Lair:6:   boulder_dual_corridor_run, dpeg_slime_entry_enclosed_altar,
          minmay_holes, infiniplex_staircase_pool
Lair:7:   special_room
Lair:8:   evilmike_catoblepas_cave, basic_altar
Swamp:1:  hangedman_swamp_blocks
Swamp:2:  evilmike_swamp_ruin_house_1, infiniplex_staircase_pool_2,
          uniq_frances, uniq_nikola, uniq_jorgrun
Orc:1:    nicolae_orc_accident_2, serial_shops, shop, lightli_church_of_beogh
Orc:3:    serial_shops, nicolae_shop_trees, nicolae_orc_pool_cavern, uniq_snorg,
          uniq_harold
Orc:4:    st_orc_town, nicolae_orc_tapped_out
IceCv:    ice_cave_statue_garden_01

Notes
Turn   | Place    | Note
--------------------------------------------------------------
     0 | D:1      | Sixotanaka, the Felid Transmuter, began the quest for the Orb.
     0 | D:1      | Reached XP level 1. HP: 9/9 MP: 4/4
   414 | D:1      | Reached XP level 2. HP: 9/12 MP: 3/5
   819 | D:1      | Reached skill level 4 in Unarmed Combat
   954 | D:1      | HP: 2/12 [goblin/club (3)]
  1218 | D:1      | Reached XP level 3. HP: 15/15 MP: 6/6
  1731 | D:2      | Reached XP level 4. HP: 17/19 MP: 7/7
  1747 | D:2      | Reached skill level 5 in Unarmed Combat
  2572 | D:2      | HP: 3/19 [gnoll/halberd (12)]
  2985 | D:2      | Reached XP level 5. HP: 22/22 MP: 8/8
  3110 | D:3      | Reached skill level 6 in Unarmed Combat
  4079 | D:3      | Gained mutation: You are covered in thick fur (AC +2). [Felid growth]
  4079 | D:3      | Reached XP level 6. HP: 9/25 MP: 9/9
  4085 | D:3      | HP: 6/25 [poisoned by a scorpion]
  4092 | D:3      | HP: 5/25 [poisoned by a scorpion]
  4097 | D:3      | HP: 4/25 [poisoned by a scorpion]
  4105 | D:3      | HP: 3/25 [poisoned by a scorpion]
  4444 | D:3      | Reached skill level 7 in Unarmed Combat
  4530 | D:3      | Noticed Ijyb
  4537 | D:3      | Killed Ijyb
  4763 | D:4      | Found a shadowy altar of Dithmenos.
  4781 | D:4      | Found Zin's Purification Station.
  4784 | D:4      | Found a glowing silver altar of Zin.
  4865 | D:4      | Noticed Pikel
  5710 | D:4      | HP: 6/25 [slave[Pikel] (10)]
  5711 | D:4      | HP: 1/25 [slave[Pikel] (5)]
  6326 | D:4      | Reached skill level 8 in Unarmed Combat
  6326 | D:4      | Reached XP level 7. HP: 26/28 MP: 10/10
  6646 | D:5      | Entered Level 5 of the Dungeon
  6668 | D:5      | Noticed a wyvern
  6682 | D:5      | Slain by a wyvern
  6683 | D:5      | Reached XP level 6. HP: -2/25 MP: 18/18
  6902 | D:6      | Reached skill level 1 in Evocations
  7038 | D:6      | Reached skill level 2 in Evocations
  7147 | D:6      | HP: 5/25 [goliath beetle (20)]
  7434 | D:6      | Found a basalt altar of Yredelemnul.
  7508 | D:6      | Reached XP level 7. HP: 28/28 MP: 10/10
  7594 | D:6      | Found a burning altar of Makhleb.
  7596 | D:6      | Found a stormy altar of Qazlal.
  7596 | D:6      | Noticed a fire elemental
  7620 | D:6      | Reached skill level 3 in Evocations
  7706 | D:6      | Found Lcackye's Luxury Loot.
  8210 | D:6      | Found a staircase to the Ecumenical Temple.
  8220 | Temple   | Entered the Ecumenical Temple
  8336 | Temple   | Became a worshipper of Ru the Awakened
  8557 | D:7      | Reached skill level 4 in Evocations
  8562 | D:7      | Reached skill level 9 in Unarmed Combat
  9215 | D:7      | Reached skill level 5 in Evocations
  9225 | D:7      | Reached XP level 8. HP: 32/32 MP: 11/11
 10050 | D:7      | Reached skill level 1 in Stealth
 10065 | D:7      | Reached skill level 2 in Stealth
 10065 | D:7      | Reached skill level 10 in Unarmed Combat
 10660 | D:8      | Gained mutation: Your magical capacity is low (-10% MP). [Ru sacrifice]
 11149 | D:8      | Reached skill level 3 in Stealth
 11324 | D:8      | Found Waxzaxot's Jewellery Emporium.
 12094 | D:8      | Reached skill level 4 in Stealth
 12563 | D:8      | Reached XP level 9. HP: 18/35 MP: 11/11
 12737 | D:8      | Reached skill level 5 in Stealth
 12737 | D:8      | Reached skill level 11 in Unarmed Combat
 12747 | D:8      | Reached skill level 6 in Stealth
 13147 | D:9      | Noticed a centaur skeleton
 13186 | D:9      | Killed a centaur skeleton
 13186 | D:9      | Reached skill level 12 in Unarmed Combat
 13194 | D:9      | Found a staircase to the Lair.
 13203 | D:9      | Noticed a komodo dragon
 13223 | D:9      | Reached skill level 3 in Transmutations
 13232 | D:9      | Noticed a brown ugly thing
 13553 | D:9      | Found a glowing golden altar of the Shining One.
 13553 | D:9      | Found a bloodstained altar of Trog.
 13558 | D:9      | Noticed a centaur warrior
 13648 | D:9      | Noticed a deep troll
 13657 | D:9      | Killed a centaur warrior
 13657 | D:9      | Reached skill level 4 in Dodging
 13657 | D:9      | Reached skill level 4 in Transmutations
 13657 | D:9      | Reached XP level 10. HP: 18/39 MP: 10/12
 13657 | D:9      | HP: 2/39 [deep troll (16)]
 14047 | D:9      | Found a glowing golden altar of the Shining One.
 14243 | D:9      | Reached skill level 5 in Dodging
 14243 | D:9      | Reached skill level 5 in Transmutations
 14572 | D:9      | HP: 1/39 [komodo dragon (30)]
 15083 | D:9      | Reached skill level 6 in Dodging
 15524 | D:9      | Reached skill level 6 in Transmutations
 15535 | D:9      | Learned a level 5 spell: Blade Hands
 15680 | D:9      | Killed a komodo dragon
 15680 | D:9      | Reached skill level 7 in Dodging
 15872 | Lair:1   | Entered Level 1 of the Lair of Beasts
 16255 | Lair:1   | Reached skill level 8 in Dodging
 16255 | Lair:1   | Reached skill level 7 in Transmutations
 16481 | Lair:1   | Reached skill level 9 in Dodging
 16485 | Lair:1   | Reached skill level 8 in Transmutations
 16490 | Lair:1   | Reached XP level 11. HP: 42/42 MP: 11/13
 17022 | Lair:1   | Reached skill level 10 in Dodging
 17036 | Lair:1   | Reached skill level 9 in Transmutations
 17680 | Lair:1   | Reached skill level 11 in Dodging
 18232 | Lair:2   | Noticed Erica
 18244 | Lair:2   | Killed Erica
 18244 | Lair:2   | Reached skill level 2 in Fighting
 18244 | Lair:2   | Reached skill level 10 in Transmutations
 18483 | Lair:2   | HP: 4/43 [komodo dragon (17)]
 18812 | Lair:2   | Gained mutation: You are missing a hand. [Ru sacrifice]
 18812 | Lair:2   | Acquired Ru's first power
 18812 | Lair:2   | Acquired Ru's second power
 18812 | Lair:2   | Acquired Ru's third power
 18864 | Lair:2   | Reached skill level 3 in Fighting
 19344 | Lair:2   | Reached skill level 4 in Fighting
 20093 | Lair:3   | Reached skill level 11 in Transmutations
 20180 | Lair:3   | Reached skill level 5 in Fighting
 20186 | Lair:3   | Gained mutation: Your thick and shaggy fur keeps you warm (AC +3, rC+). [Felid growth]
 20186 | Lair:3   | Reached XP level 12. HP: 47/51 MP: 10/14
 20259 | Lair:3   | Reached skill level 6 in Fighting
 20773 | Lair:3   | Noticed a six-headed hydra
 20780 | Lair:3   | Learned a level 4 spell: Ice Form
 20794 | Lair:3   | Killed a six-headed hydra
 20794 | Lair:3   | Reached skill level 7 in Fighting
 21154 | Lair:4   | Found a staircase to the Snake Pit.
 21656 | Lair:4   | Reached skill level 8 in Fighting
 22098 | Lair:4   | Found a staircase to the Swamp.
 22411 | Lair:4   | Identified a scroll of acquirement
 22584 | Lair:5   | Found a frozen archway.
 22643 | IceCv    | Entered an ice cave
 22689 | IceCv    | Reached skill level 9 in Fighting
 23315 | Lair:5   | Found a hole to the Spider Nest.
 23419 | Lair:5   | Reached skill level 10 in Fighting
 24057 | Lair:5   | Reached skill level 11 in Fighting
 24371 | Lair:5   | Gained mutation: You cannot read scrolls while threatened. [Ru sacrifice]
 24371 | Lair:5   | Acquired Ru's fourth power
 24371 | Lair:5   | Acquired Ru's fifth power
 24603 | Lair:5   | Noticed a five-headed hydra
 24614 | Lair:5   | Killed a five-headed hydra
 24614 | Lair:5   | Reached XP level 13. HP: 64/64 MP: 9/15
 25096 | Lair:6   | Reached skill level 12 in Fighting
 25217 | Lair:6   | Gained mutation: Your mind is acute. (Int +2) [potion of beneficial mutation]
 25355 | Lair:6   | Found a viscous altar of Jiyva.
 25355 | Lair:6   | Found a staircase to the Slime Pits.
 26164 | Lair:7   | HP: 16/65 [poisoned by a water moccasin]
 26169 | Lair:7   | HP: 14/65 [poisoned by a water moccasin]
 26175 | Lair:7   | HP: 12/65 [poisoned by a water moccasin]
 26183 | Lair:7   | HP: 12/65 [poisoned by a water moccasin]
 26191 | Lair:7   | HP: 11/65 [poisoned by a water moccasin]
 26861 | Lair:7   | Reached skill level 13 in Fighting
 27113 | Lair:7   | Gained mutation: You are slightly vulnerable to magic. [Ru sacrifice]
 27446 | Lair:8   | Entered Level 8 of the Lair of Beasts
 28469 | Lair:8   | Found an iron altar of Okawaru.
 28705 | Lair:8   | Reached skill level 14 in Fighting
 29408 | Lair:8   | Reached skill level 15 in Fighting
 30160 | Lair:8   | Reached XP level 14. HP: 73/73 MP: 4/16
 31183 | D:9      | Found a radiant altar of Vehumet.
 31202 | D:10     | Entered Level 10 of the Dungeon
 31233 | D:10     | Gained mutation: You are hated by all. [Ru sacrifice]
 31271 | D:10     | Reached skill level 13 in Unarmed Combat
 31468 | D:10     | Found a staircase to the Orcish Mines.
 32035 | D:10     | Found a blossoming altar of Fedhas.
 32816 | D:11     | Noticed Maurice
 32824 | D:11     | Killed Maurice
 32958 | D:11     | Found an iron altar of Okawaru.
 33410 | D:11     | Reached skill level 14 in Unarmed Combat
 34650 | D:12     | Found Qaprubranta's Demolitions Depot.
 35810 | D:13     | Found a gate to the Vaults.
 35815 | D:13     | Reached skill level 15 in Unarmed Combat
 35816 | D:13     | Slain by an enchanted long sword
 35817 | D:13     | Reached XP level 13. HP: -3/69 MP: 11/15
 36135 | D:13     | Reached skill level 7 in Stealth
 36764 | Orc:1    | Entered Level 1 of the Orcish Mines
 36825 | Orc:1    | Found Gawudgh's Antique Weapon Emporium.
 37167 | Orc:1    | Found a runed door.
 37451 | Orc:1    | Found a roughly hewn altar of Beogh.
 38487 | Orc:3    | Noticed Harold
 38496 | Orc:3    | Killed Harold
 38496 | Orc:3    | Reached skill level 8 in Stealth
 38522 | Orc:3    | Noticed Snorg
 38534 | Orc:3    | Killed Snorg
 38906 | Orc:4    | Entered Level 4 of the Orcish Mines
 39326 | Orc:4    | Found a staircase to the Elven Halls.
 39512 | Orc:4    | Reached XP level 14. HP: 63/73 MP: 11/16
 39538 | Orc:4    | Found Syrhumm's Book Emporium.
 39538 | Orc:4    | Found Cuasyt's Antique Armour Shop.
 40126 | Orc:4    | Reached skill level 9 in Stealth
 40332 | Orc:4    | Found a roughly hewn altar of Beogh.
 40401 | Orc:4    | Bought a book of Enchantments for 750 gold pieces
 40528 | Orc:4    | HP: 16/74 [orc high priest/divine providence (10)]
 40528 | Orc:4    | HP: 6/74 [orc priest/divine providence (10)]
 40578 | Orc:4    | Found Doceag's Assorted Antiques.
 40578 | Orc:4    | Found Jeol's Gadget Shop.
 40828 | Orc:4    | Bought a wand of hasting (6) for 840 gold pieces
 40944 | Orc:4    | Reached skill level 10 in Stealth
 41199 | Orc:3    | Found Ysurura's Armour Boutique.
 42218 | D:14     | Noticed Josephine
 42231 | D:14     | Killed Josephine
 42663 | D:14     | Reached skill level 16 in Fighting
 43227 | D:14     | Reached skill level 11 in Stealth
 43254 | D:14     | HP: 13/75 [white ugly thing (15)]
 43254 | D:14     | Slain by a white ugly thing
 43255 | D:14     | Reached XP level 13. HP: -4/70 MP: 10/15
 43972 | D:13     | Upgraded the game from 0.17-a0-344-g679af95 to 0.17-a0-367-g1dd37ad
 44216 | D:14     | zzxc: freaked out when I checked my assignment today
 44221 | D:14     | Sixotanaka: lol
 44228 | D:14     | Reached skill level 12 in Dodging
 44287 | D:14     | zzxc: have to survey a minimum of 15 people
 44301 | D:14     | zzxc: which of course means 15 people
 44383 | D:14     | Sixotanaka: lol
 44383 | D:14     | Sixotanaka: is aw
 44543 | D:14     | zzxc: got a choice of 3 topics
 44747 | D:14     | zzxc: one's about piracy
 44800 | D:14     | zzxc: which would be funny but I dont feel like writing about it
 44800 | D:14     | zzxc: another isi about tax avoidance by large corporations
 44800 | D:14     | zzxc: whicih I will probably pick
 44800 | D:14     | Sixotanaka: well
 44800 | D:14     | Sixotanaka: i will fill it in
 44856 | D:15     | Entered Level 15 of the Dungeon
 44865 | D:15     | zzxc: 1 out of 15, great :)
 44902 | D:14     | zzxc: it'll be entirely online
 44917 | D:14     | zzxc: ill probably use google forms
 45072 | D:14     | Sixotanaka: aie used surveymonkey
 45072 | D:14     | Sixotanaka: for teacher reviews
 45542 | D:15     | Reached XP level 14. HP: 75/75 MP: 11/16
 45704 | D:15     | zzxc: worst sort of assignment
 45741 | D:15     | zzxc: I'd rather write extra
 45741 | D:15     | Sixotanaka: lol
 46326 | D:15     | Reached skill level 13 in Dodging
 46681 | D:15     | zzxc: http://tvtropes.org/pmwiki/pmwiki.php/VideoGame/DungeonCrawl?from=Main.DungeonCrawlStoneSoup
 46943 | D:15     | Sixotanaka: lol
 46943 | D:15     | zzxc: do you think I'd get more survey fill-ins if I tell people about the survey now and get them the form in a few days, or if i tell them about it when I have the form ready
 46943 | D:15     | zzxc: it's a good thing I know a ton of people online
 46943 | D:15     | Sixotanaka: An Arm and a Leg: One of the sacrifices the player can make to Ru the Awakened is their own hand.
 46943 | D:15     | Sixotanaka: no idea
 46943 | D:15     | Sixotanaka: you studied psych
 46958 | D:15     | zzxc: after the initial panic, I'm starting to think 15 people is not such a hard number to achieve
 47195 | D:15     | zzxc: assuming people with the time actually are willing to do oit
 47230 | D:15     | zzxc: I'd make the survey easy to answer, with many yes/no questions
 47391 | D:15     | Sixotanaka: easy is good
 47391 | D:15     | zzxc: man your felid keeps running into monsters in cleared levels
 47391 | D:15     | zzxc: yes/no questions are also good because you can get raw percentages in the responses
 47391 | D:15     | zzxc: instead of extensive worded responses
 47391 | D:15     | zzxc: which you dont know what to do with sometimes
 47391 | D:15     | Sixotanaka: this is one of the largest tvtropes pages i've seen
 47391 | D:15     | Sixotanaka: crawl deserves it all
 47391 | D:15     | Sixotanaka: anyway brb shower
 47712 | D:15     | zzxc: wb
 47792 | D:15     | Found a staircase to the Depths.
 48260 | D:9      | Sixotanaka: this char
 48260 | D:9      | Sixotanaka: was pretty throwaway
 48260 | D:9      | Sixotanaka: was just derping around yesterday
 48260 | D:9      | Sixotanaka: died a few times all avoidable
 48302 | D:9      | Killed a deep troll
 48454 | Swamp:1  | Entered Level 1 of the Swamp
 48467 | Swamp:1  | Reached skill level 17 in Fighting
 48646 | Swamp:1  | Sixotanaka: pretty much just abusing invis ring
 49447 | Swamp:1  | Reached skill level 14 in Dodging
 51552 | Swamp:2  | Noticed Nikola
 51568 | Swamp:2  | HP: 10/76 [Nikola/chain lightning (33)]
 51568 | Swamp:2  | Killed from afar by Nikola

Vanquished Creatures
  A stone giant (Orc:4)
  35 slime creatures
  Josephine (D:14)
  7 hydras
  Harold (Orc:3)
  Erica (Lair:2)
  4 catoblepae
  A centaur warrior (D:9)
  A ghost crab (Swamp:1)
  2 dancing weapons (D:13)
  11 death yaks (Lair:8)
  8 orc high priests (Orc:4)
  3 tengu warriors
  9 skeletal warriors
  2 unseen horrors (D:11)
  An ice devil (Orc:4)
  2 ice statues (IceCv)
  A deep troll (D:9)
  9 hill giants
  2 swamp dragons (Swamp:1)
  14 ugly things
  3 manticores
  A griffon (Lair:6)
  An orc sorcerer (Orc:2)
  A wolf spider zombie (D:15)
  An orc knight (Orc:3)
  A draconian (shapeshifter) (D:15)
  A cyclops (shapeshifter) (D:15)
  4 cyclopes
  5 elephants (Lair:8)
  Maurice (D:11)
  12 spiny frogs
  3 gargoyles
  An orange demon (Orc:4)
  13 komodo dragons
  A queen ant (Lair:5)
  A black mamba (Lair:8)
  2 centaur skeletons
  A yaktaur (shapeshifter) (D:15)
  A fire drake (shapeshifter) (D:15)
  5 fire drakes
  An elf (shapeshifter) (D:15)
  A freezing wraith (D:14)
  3 wandering mushrooms (D:10)
  A red devil (Orc:4)
  5 trolls
  A polar bear (Lair:7)
  6 giant leeches
  17 blink frogs
  A boulder beetle (Lair:6)
  A raven (shapeshifter) (D:15)
  6 bog bodies
  10 ravens
  A two-headed ogre (D:15)
  2 deep elf magi
  6 wraiths
  A shadow (D:15)
  56 yaks
  2 steam dragons (D:10)
  5 basilisks
  8 wyverns
  7 hippogriffs
  4 hungry ghosts
  8 wargs
  4 vampire mosquitoes (Swamp:2)
  A chaos spawn (Orc:4)
  7 insubstantial wisps
  11 wolves (Lair:3)
  A mottled dragon (D:11)
  7 soldier ants (Lair:5)
  4 nagas (Lair:4)
  A hell hound (Lair:7)
  4 swamp worms
  11 porcupines
  2 swamp drakes
  2 phantoms
  18 orc warriors
  3 wasps
  27 water moccasins
  A necrophage (D:13)
  19 ice beasts
  2 slaves (D:3)
  2 black bears
  5 sky beasts
  8 spiders (Lair:5)
  9 crocodiles
  3 boring beetles
  12 ogres
  9 centaurs
  17 giant frogs
  3 big kobolds
  6 scorpions
  2 wyvern zombies
  5 killer bees (D:11)
  2 wyvern skeletons (D:14)
  13 wights
  4 goliath beetles
  2 centaur zombies
  3 quasits
  5 crimson imps
  A giant frog zombie (D:9)
  An electric eel (Lair:6)
  A wasp zombie (D:11)
  15 hounds
  2 giant frog skeletons
  Ijyb (D:3)
  4 jellies
  38 orc priests
  7 iguanas
  30 orc wizards
  19 sheep
  30 worker ants
  A mummy (D:9)
  A hound zombie (D:11)
  4 hound skeletons
  11 gnolls
  23 adders
  2 giant mites
  34 river rats
  2 shadow imps
  4 worms
  5 giant geckos
  2 oozes
  197 orcs
  2 ball pythons
  A bat skeleton (D:6)
  2 gnoll zombies (D:6)
  18 goblins
  18 hobgoblins
  21 jackals
  14 quokkas
  23 bats
  9 giant cockroaches
  8 giant newts
  3 giant spores
  34 kobolds
  A quokka skeleton (D:5)
  3 quokka zombies
  15 rats
  22 ballistomycetes
1192 creatures vanquished.

Vanquished Creatures (others)
  Snorg (Orc:3)
  2 hydras
  A troll (D:14)
  A yak (D:11)
  An ogre (D:5)
  A hound (D:5)
  A sheep (Lair:6)
  A giant gecko (D:5)
  2 orcs
  A bat (D:5)
  A kobold (D:5)
  2 giant spores (D:14)
  2 ballistomycetes (D:14)
  8 fungi
  4 plants
29 creatures vanquished.

Grand Total: 1221 creatures vanquished
